 Dungeon Crawl Stone Soup version 0.13.0-18-g7b03ea5 (webtiles) character file.

84 Ragg the Skirmisher (level 3, 0/24 HPs)
             Began as a Gargoyle Berserker on Oct 23, 2013.
             Was a Believer of Trog.
             Shot with an arrow by a centaur (4 damage)
             ... on Level 3 of the Dungeon.
             The game lasted 00:09:34 (1492 turns).

Ragg the Skirmisher (Gargoyle Berserker)            Turns: 1492, Time: 00:09:34

HP   0/24        AC 10     Str 21      XL: 3   Next: 35%
MP   2/2         EV  9     Int  7      God: Trog [**....]
Gold 49          SH  0     Dex  9      Spells:  0 memorised,  2 levels left

Res.Fire  : . . .   See Invis. : .   a - +0 mace
Res.Cold  : . . .   Warding    : .   e - +1 scale mail
Life Prot.: + . .   Conserve   : .   (no shield)
Res.Poison: +       Res.Corr.  : .   (no helmet)
Res.Elec. : +       Clarity    : .   (no cloak)
Sust.Abil.: . .     Spirit.Shd : .   (no gloves)
Res.Mut.  : .       Stasis     : .   (no boots)
Res.Rott. : +       Flight     : .   (no amulet)
Saprovore : . . .                    (no ring)
                                     (no ring)

@: not resistant to hostile enchantments, extremely unstealthy
A: fangs 1, talons 2, life protection 1, electricity resistance, slow metabolism
1, unbreathing, petrification resistance, AC +3
a: Burn Spellbooks, Berserk, Trog's Hand, Renounce Religion


You were on level 3 of the Dungeon.
You worshipped Trog.
Trog was pleased with you.
You were not hungry.

You visited 1 branch of the dungeon, and saw 3 of its levels.

You collected 29 gold pieces.

Inventory:

Hand weapons
 a - a +0,+0 mace (weapon)
Armour
 e - a +1 scale mail (worn)
Magical devices
 i - a wand of confusion (9)
Comestibles
 b - 12 sultanas
 c - 2 bread rations
 j - a pear
 l - 2 chokos
 m - a meat ration
Scrolls
 f - 2 scrolls of identify {unknown}
 h - a scroll of amnesia {unknown}
 k - 2 scrolls of curse armour {unknown}
 n - a scroll of enchant weapon I {unknown}
 p - a scroll of magic mapping {unknown}
Potions
 d - 2 potions of flight {unknown}
 g - a potion of restore abilities {unknown}
 o - 3 potions of curing {unknown}


   Skills:
 + Level 3.7 Fighting
 + Level 3.7 Maces & Flails
 + Level 2.6 Armour
 + Level 2.0 Dodging


You had 2 spell levels left.
You didn't know any spells.

Dungeon Overview and Level Annotations

Branches:
Dungeon (3/27)

Altars:
Fedhas


Innate Abilities, Weirdness & Mutations

You are resistant to torment.
You are immune to poison.
Your stone body is very resilient (AC +3).
You have very sharp teeth.
You have razor-sharp toenails.
You resist negative energy.
You are resistant to electric shocks.
You have a slow metabolism.
You can survive without breathing.
You are immune to petrification.


Message History

an arrow; a brown potion; 16 stones The centaur shoots an arrow.
The arrow hits you!
* * * LOW HITPOINT WARNING * * *
You see here an arrow.
You are too injured to fight recklessly!
You are too injured to fight recklessly!
You are too injured to fight recklessly!
You are too injured to fight recklessly!
You are too injured to fight recklessly!
You are too injured to fight recklessly!
You are too injured to fight recklessly!
The centaur shoots an arrow.
The arrow hits you!
* * * LOW HITPOINT WARNING * * *
You see here an arrow.
The centaur shoots an arrow.
The arrow hits you!
* * * LOW HITPOINT WARNING * * *
The centaur shoots an arrow.
The arrow misses you.
You see here an arrow.
The centaur shoots an arrow.
The arrow hits you!
You die...

..#..<...#..#.##..
#....#....#..#.....
....................
.....................
##########.#.#####..
....................#
..############.#........
.........((###.#.####...
........).@((......<# #.
.........((.###.##.....
........((......# .....
........(.......# #....
....P.PPP.......+ ..#
...P.PcP.(.....#
...PP_PP.......# .
PPPP...###.# ..... .


You could see a centaur.

Vanquished Creatures
  5 giant cockroaches
  5 goblins
  4 hobgoblins
  4 jackals
  A quokka (D:2)
  4 bats
  4 giant newts
  3 kobolds
  4 rats (D:1)
34 creatures vanquished.

Notes
Turn   | Place    | Note
--------------------------------------------------------------
     0 | D:1      | Ragg, the Gargoyle Berserker, began the quest for the Orb.
     0 | D:1      | Reached XP level 1. HP: 14/14 MP: 0/0
   177 | D:1      | Reached XP level 2. HP: 16/19 MP: 1/1
   231 | D:1      | tripwire: Greetings, Ragg
   231 | D:1      | Ragg: Hi
   344 | D:1      | tripwire: shortcut: ctrl+x shows u items in view, like u could see that scale mail the rat was on top of before that way
   345 | D:1      | Ragg: Cool
   345 | D:1      | Ragg: Whats the shortcut to show exits on a level
   389 | D:1      | tripwire: shift X
   389 | D:1      | tripwire: that opens the map
   389 | D:1      | Ragg: Ty
   389 | D:1      | tripwire: then press > or < to cycle
   389 | D:1      | tripwire: through exits uve seen
   389 | D:1      | Ragg: ah
   666 | D:2      | tripwire: also doing Ctrl+f to find
   666 | D:2      | tripwire: and searching .
   667 | D:2      | tripwire: will just show u all items uve seen
   667 | D:2      | tripwire: on the current floor
   667 | D:2      | Ragg: yea
   667 | D:2      | Ragg: Cool
   709 | D:2      | Acquired Trog's second power
   790 | D:2      | tripwire: lol evoke the pear
   790 | D:2      | Ragg: lol
   790 | D:2      | tripwire: i think u want E
   790 | D:2      | Ragg: yes
   790 | D:2      | Ragg: thanks
   791 | D:2      | tripwire: oh wait sorry
   791 | D:2      | Ragg: no
   791 | D:2      | Ragg: i want
   791 | D:2      | Ragg: wand button
   791 | D:2      | Ragg: lol
   791 | D:2      | tripwire: i thought you were trying to eat a pear
   791 | D:2      | tripwire: lol
   791 | D:2      | tripwire: Z
   791 | D:2      | tripwire: er
   791 | D:2      | tripwire: sorry
   791 | D:2      | tripwire: V
   803 | D:2      | Ragg: nice
   815 | D:2      | tripwire: what was it a wand of i didnt see
   825 | D:2      | Reached XP level 3. HP: 24/24 MP: 2/2
   829 | D:2      | Ragg: confusion
   829 | D:2      | tripwire: kool
   871 | D:2      | tripwire: those are handy for really strong ppl or to escape
  1142 | D:2      | tripwire: a long sword is a nice find this early
  1215 | D:2      | Ragg: oh
  1215 | D:2      | Ragg: i only have mace skill
  1215 | D:2      | tripwire: altho u already skilled up on M/F and its not THAT crazy
  1215 | D:2      | tripwire: yeah
  1215 | D:2      | Ragg: is it better to just stick with one thing or what
  1215 | D:2      | tripwire: well
  1215 | D:2      | tripwire: look at th3e base dmg
  1220 | D:2      | tripwire: i think longsword will take longer/more XP to get fast enough
  1222 | D:2      | tripwire: but the base dmg is way higher
  1222 | D:2      | tripwire: i think ur mace is like 5 or 6
  1280 | D:2      | tripwire: and longsword is like 9
  1281 | D:2      | tripwire: or 10 even
  1281 | D:2      | tripwire: oh nm
  1281 | D:2      | Ragg: Its less accurate though
  1281 | D:2      | tripwire: ur mace is actually 8 dmg im full of shit
  1281 | D:2      | Ragg: yea
  1281 | D:2      | tripwire: yeah stick with the mace
  1281 | D:2      | Ragg: ok
  1416 | D:2      | tripwire: the thing with maces is like
  1444 | D:2      | tripwire: if u want real DPS
  1444 | D:2      | tripwire: u have to use the 2handers
  1444 | D:2      | tripwire: which means u dont get the benefit of a shield which is really key
  1444 | D:2      | tripwire: with an axe ur also using a 2H but u do so much dmg with cleave that its a bit easier to survive imo
  1444 | D:2      | Ragg: So if your melee you just wanna go ham with 2 handers?
  1444 | D:2      | tripwire: most of the time yes
  1444 | D:2      | Ragg: Hmm
  1444 | D:2      | tripwire: but shields can be super strong as well
  1444 | D:2      | Ragg: Is there like 2 handed maces or flails
  1444 | D:2      | tripwire: since they just add another chance to completely engate attacks
  1444 | D:2      | tripwire: yes
  1444 | D:2      | tripwire: the strongest are Giant spiked clubs
  1444 | D:2      | Ragg: ok
  1444 | D:2      | Ragg: oh i see
  1444 | D:2      | tripwire: but i dont know if gargoyles can wield those
  1444 | D:2      | tripwire: i think maybe only ogres and trolls and such
  1444 | D:2      | Ragg: hmm
  1444 | D:2      | Ragg: well see
  1482 | D:3      | Noticed a centaur
  1484 | D:3      | Found a blossoming altar of Fedhas.
  1490 | D:3      | Ragg: oh
  1490 | D:3      | Ragg: this is a bad situation
  1490 | D:3      | Ragg: lol
  1490 | D:3      | tripwire: yes
  1492 | D:3      | tripwire: what consumables
  1492 | D:3      | Shot with an arrow by a centaur

Action                   || total
-------------------------++-------
Melee: Mace              ||    70
Evoke: Wand              ||     1
